 Dungeon Crawl Stone Soup version 0.29-a0-352-g0917bc69df (webtiles) character file.

Game seed: 14905966486972905661

728 101zpm the Gusty (level 7, -4/51 HPs)
             Began as a Gnoll Air Elementalist on Apr 24, 2022.
             Slain by a lemure (6 damage)
             ... led by Pikel
             ... on level 6 of the Dungeon.
             The game lasted 00:14:31 (6040 turns).

101zpm the Gusty (Gnoll Air Elementalist)           Turns: 6040, Time: 00:14:32

Health: -4/51      AC:  4    Str:  7    XL:     7   Next: 72%
Magic:  3/15       EV: 14    Int: 16    God:
Gold:   108        SH:  0    Dex: 13    Spells: 5/17 levels left

rFire   . . .      SeeInvis .     - Unarmed
rCold   . . .      Faith    .   (no shield)
rNeg    . . .      Spirit   .   a - +0 robe
rPois   .          Reflect  .   (no helmet)
rElec   .          Harm     .   m - +0 cloak
rCorr   .          Rampage  .   (no gloves)
Will    .....                   s - +0 pair of boots
Stlth   +++.......              (no amulet)
HPRegen 0.17/turn               (no ring)
MPRegen 0.14/turn               (no ring)

@: no status effects
A: fangs 1, strong nose, distributed training
a: no special abilities


You were on level 6 of the Dungeon.
You visited 1 branch of the dungeon, and saw 6 of its levels.

You collected 258 gold pieces.
You spent 150 gold pieces at shops.

Inventory:

Armour
 a - a +0 robe (worn)
 m - a +0 cloak (worn)
 s - a +0 pair of boots (worn)
Jewellery
 r - an amulet of guardian spirit
Wands
 l - a wand of charming (11)
Scrolls
 c - 3 scrolls of teleportation
 d - 4 scrolls of immolation
 e - 2 scrolls of torment
 g - 2 scrolls of vulnerability
 h - 3 scrolls of noise
 k - 2 scrolls of magic mapping
 o - a scroll of silence
 p - a scroll of fear
 t - a scroll of fog
 u - a scroll of blinking {unknown}
 v - a scroll of enchant weapon {unknown}
 w - a scroll of identify
Potions
 b - a potion of magic
 f - 2 potions of invisibility {unknown}
 i - 3 potions of curing {unknown}
 j - 2 potions of attraction {unknown}
 n - a potion of lignification {unknown}
 q - 2 potions of brilliance {unknown}


   Skills:
 + Level 2.6 Fighting
 + Level 2.6 Short Blades
 + Level 2.6 Long Blades
 + Level 2.6 Axes
 + Level 2.6 Maces & Flails
 + Level 2.6 Polearms
 + Level 2.6 Staves
 + Level 2.6 Slings
 + Level 2.6 Bows
 + Level 2.6 Crossbows
 + Level 2.6 Throwing
 + Level 2.6 Armour
 + Level 5.3 Dodging
 + Level 5.0 Stealth
 + Level 2.6 Shields
 + Level 2.6 Unarmed Combat
 + Level 5.7 Spellcasting
 + Level 3.1 Conjurations
 + Level 2.1 Hexes
 + Level 2.1 Summonings
 + Level 2.1 Necromancy
 + Level 2.1 Translocations
 + Level 2.1 Transmutations
 + Level 2.1 Fire Magic
 + Level 2.1 Ice Magic
 + Level 5.9 Air Magic
 + Level 2.1 Earth Magic
 + Level 2.1 Poison Magic
 + Level 3.0 Invocations
 + Level 2.6 Evocations


You had 5 spell levels left.
You knew the following spells:

 Your Spells              Type           Power      Damage    Failure   Level
a - Shock                 Conj/Air       76%        1d7       2%          1
b - Static Discharge      Conj/Air       19%        N/A       3%          2
c - Swiftness             Air            23%        N/A       3%          3
d - Airstrike             Air            11%        N/A       12%         4
e - Blink                 Tloc           22%        N/A       9%          2

Your spell library contained the following spells:

 Spells                   Type           Power      Damage    Failure   Level
 Alistair's Intoxication  Tmut/Pois      7%         N/A       85%         5
 Borgnjor's Vile Clutch   Necr/Erth      5%         N/A       85%         5
 Manifold Assault         Tloc           11%        N/A       85%         5
 Eringya's Noxious Bog    Tmut/Pois      5%         N/A       100%        6
 Storm Form               Tmut/Air       8%         N/A       100%        7


Dungeon Overview and Level Annotations

Branches:
Dungeon (6/15)
 Temple: D:4-7

Altars:
Kikubaaqudgha
Qazlal


Innate Abilities, Weirdness & Mutations

You have very sharp teeth.
Your uncanny sense of smell can sniff out nearby items.
Your experience applies equally to all skills.


Message History

You feel sick. The water moccasin barely misses you.
Aiming: Shock (safe; 2% risk of failure)
Press: ? - help, Q - select action, (/) - cycle Shift-Dir - straight line, f/p - water moccasin
Aim: a water moccasin (almost dead, 53% to hit)
The zap misses the water moccasin.
The zap hits the lemure but does no damage.
The lemure is lightly wounded.
You feel sick.
The water moccasin completely misses you.
The water moccasin bites you.
* * * LOW HITPOINT WARNING * * *
Aiming: Shock (safe; 2% risk of failure)
Press: ? - help, Q - select action, (/) - cycle Shift-Dir - straight line, f/p - water moccasin
Aim: a water moccasin (almost dead, 53% to hit)
The zap hits the water moccasin.
You kill the water moccasin!
The zap hits the lemure.
The lemure is moderately wounded.
You feel sick.
You are no longer poisoned.
Your Stealth skill increases to level 5!
Your Invocations skill increases to level 3!
A necrophage comes into view.
The lemure attacks as you move away! The lemure misses you.
The lemure attacks as you move away! The lemure barely misses you.
The lemure attacks as you move away! The lemure hits you.
* * * LOW HITPOINT WARNING * * *
The lemure attacks as you move away! The lemure hits you.
* * * LOW HITPOINT WARNING * * *
The lemure attacks as you move away! The lemure barely misses you.
Casting: Shock (safe; 2% risk of failure)
Confirm with . or Enter, or press ? or * to list all spells.
The spell is quite dangerous to miscast (12% risk of failure)!
Continue anyway?
Aiming: Airstrike (quite dangerous; 12% risk of failure)
Press: ? - help, Dir - move target, f - lemure
Aim: a lemure (moderately wounded, empty space bonus: 7/8)
The air twists around and strikes the lemure!
The lemure is severely wounded.
The lemure hits you.
You die...

....# ∆ ###.# # #.#
#. ###.##### ..
........# #.#
###.###.# ##.##
###..##.###...####
#.#.#.#..........#
.....#.<.####...@####
.........)†....5....+
...#.##..####.n..####
∆ .........# #..#..#
.###.##..# #.###.# .#
#.##..###.###.# .#
#.##..........# .#
#.##.####.##### .#
#.##.# #.#


You could see a lemure and a necrophage.

Vanquished Creatures
  Menkaure (D:4)
  A water moccasin (D:6)
  A necrophage (D:5)
  A jelly (D:6)
  An orc priest (D:6)
  A gnoll shaman (D:6)
  A hound (D:5)
  3 iguanas
  An orc wizard (D:6)
  4 gnolls
  10 adders
  4 worms
  5 orcs
  8 ball pythons
  7 endoplasms
  6 giant cockroaches
  9 goblins
  5 hobgoblins
  3 jackals (D:5)
  9 kobolds
  3 quokkas
  5 bats
  8 frilled lizards
  5 rats
102 creatures vanquished.

Notes
Turn   | Place    | Note
-------+----------+-------------------------------------------
     0 | D:1      | 101zpm the Gnoll Air Elementalist began the quest for the
                  | Orb.
     0 | D:1      | Reached XP level 1. HP: 13/13 MP: 6/6
   142 | D:2      | Reached XP level 2. HP: 19/19 MP: 0/7
   239 | D:2      | Found an ancient bone altar of Kikubaaqudgha.
   354 | D:2      | Reached XP level 3. HP: 23/25 MP: 2/9
   452 | D:2      | Found a faded altar of an unknown god.
   452 | D:2      | Noticed a shining eye
   464 | D:2      | Reached skill level 5 in Spellcasting
   477 | D:2      | Noticed a shining eye
   481 | D:2      | Noticed a great orb of eyes
   481 | D:2      | Noticed an eye of devastation
   602 | D:2      | Reached skill level 1 in Invocations
   721 | D:2      | Reached skill level 1 in Fighting
   721 | D:2      | Reached skill level 1 in Short Blades
   721 | D:2      | Reached skill level 1 in Long Blades
   721 | D:2      | Reached skill level 1 in Axes
   721 | D:2      | Reached skill level 1 in Maces & Flails
   721 | D:2      | Reached skill level 1 in Polearms
   721 | D:2      | Reached skill level 1 in Staves
   721 | D:2      | Reached skill level 1 in Slings
   721 | D:2      | Reached skill level 1 in Bows
   721 | D:2      | Reached skill level 1 in Crossbows
   721 | D:2      | Reached skill level 1 in Throwing
   721 | D:2      | Reached skill level 1 in Armour
   721 | D:2      | Reached skill level 1 in Shields
   721 | D:2      | Reached skill level 1 in Unarmed Combat
   721 | D:2      | Reached skill level 1 in Evocations
   964 | D:2      | Found a stormy altar of Qazlal.
   969 | D:2      | Reached XP level 4. HP: 32/32 MP: 7/11
  1620 | D:1      | Reached skill level 1 in Hexes
  1620 | D:1      | Reached skill level 1 in Summonings
  1620 | D:1      | Reached skill level 1 in Necromancy
  1620 | D:1      | Reached skill level 1 in Translocations
  1620 | D:1      | Reached skill level 1 in Transmutations
  1620 | D:1      | Reached skill level 1 in Fire Magic
  1620 | D:1      | Reached skill level 1 in Ice Magic
  1620 | D:1      | Reached skill level 1 in Earth Magic
  1620 | D:1      | Reached skill level 1 in Poison Magic
  2377 | D:4      | Reached XP level 5. HP: 15/37 MP: 5/12
  2595 | D:4      | Noticed Menkaure
  2601 | D:4      | Killed Menkaure
  2602 | D:4      | Reached XP level 6. HP: 24/44 MP: 6/13
  3220 | D:3      | Found Keosu's Magic Scroll Shoppe.
  3478 | D:3      | Reached skill level 5 in Dodging
  4393 | D:5      | Entered Level 5 of the Dungeon
  4492 | D:5      | Noticed a water moccasin
  4857 | D:3      | Bought a scroll of identify for 20 gold pieces
  4857 | D:3      | Bought a scroll of identify for 20 gold pieces
  4857 | D:3      | Bought 2 scrolls of noise for 20 gold pieces
  4857 | D:3      | Bought a scroll of identify for 20 gold pieces
  4857 | D:3      | Bought a scroll of fog for 20 gold pieces
  4857 | D:3      | Bought a scroll of identify for 20 gold pieces
  4857 | D:3      | Bought a scroll of teleportation for 30 gold pieces
  5282 | D:5      | Reached XP level 7. HP: 48/50 MP: 9/15
  5360 | D:5      | Learned a level 2 spell: Static Discharge
  5364 | D:5      | Learned a level 3 spell: Swiftness
  5369 | D:5      | Learned a level 4 spell: Airstrike
  5372 | D:5      | Learned a level 2 spell: Blink
  6025 | D:6      | Reached skill level 5 in Stealth
  6037 | D:6      | HP: 1/51 [lemure[Pikel] (4)]
  6040 | D:6      | Slain by a lemure

Illustrated notes

Levels and vault maps discovered:
D:1:      minmay_arrival_checkered_box, layout_loops_corners, minmay_cupped
D:2:      minmay_wonky_spiral, layout_rooms,
          hellmonk_ecumenical_altar_watching_god, basic_altar, moated_statue,
          minmay_hexomino_r4
D:3:      minmay_bubble_buster, layout_basic, serial_shops, shop_statue
D:4:      wander_river, layout_rooms, minmay_fountain_box, uniq_menkaure
D:5:      layout_layer_cave, minmay_temple_entry_glassed_door,
          cheibrodos_sewer_entry_drain
D:6:      layout_loops_corners, fedhas_altar_decomposition, uniq_pikel

Skill      XL: |  1  2  3  4  5  6  7 |
---------------+----------------------+-----
Conjurations   | 2 3 |  3.1
Spellcasting   | 5 |  5.7
Invocations    | 1 2 3 |  3.0
Fighting       | 1 2 |  2.6
Short Blades   | 1 2 |  2.6
Long Blades    | 1 2 |  2.6
Axes           | 1 2 |  2.6
Maces & Flails | 1 2 |  2.6
Polearms       | 1 2 |  2.6
Staves         | 1 2 |  2.6
Slings         | 1 2 |  2.6
Bows           | 1 2 |  2.6
Crossbows      | 1 2 |  2.6
Throwing       | 1 2 |  2.6
Armour         | 1 2 |  2.6
Shields        | 1 2 |  2.6
Unarmed Combat | 1 2 |  2.6
Evocations     | 1 2 |  2.6
Hexes          | 1 2 |  2.1
Summonings     | 1 2 |  2.1
Necromancy     | 1 2 |  2.1
Translocations | 1 2 |  2.1
Transmutations | 1 2 |  2.1
Fire Magic     | 1 2 |  2.1
Ice Magic      | 1 2 |  2.1
Earth Magic    | 1 2 |  2.1
Poison Magic   | 1 2 |  2.1
Dodging        | 5 |  5.3
Stealth        | 5 |  5.0
Air Magic      | |  5.9

Action                   |  1- 3 |  4- 6 |  7- 9 || total
-------------------------+-------+-------+-------++-------
Melee: Unarmed           |    35 |     7 |       ||    42
       Bite              |     5 |     1 |       ||     6
 Cast: Shock             |    54 |   166 |    26 ||   246
       Airstrike         |       |       |     4 ||     4
  Use: Scroll            |       |     6 |       ||     6
Armor: Robe              |     4 |     4 |     5 ||    13
Dodge: Dodged            |    28 |    27 |    13 ||    68

Table legend: (Time is in decaauts)
 A = Elapsed time spent in this place.
 B = Non-inter-level travel time spent in this place.
 C = Inter-level travel time spent in this place.
 D = Time resting spent in this place.
 E = Time spent auto-exploring this place.
 F = Levels seen in this place.
 G = Mean time per level.
                   A        B        C        D        E       F      G
               +--------+--------+--------+--------+--------+-----+--------+
         Total |   6067 |   5659 |    408 |   1229 |   3815 |   6 | 1011.2 |
       Dungeon |   6067 |   5659 |    408 |   1229 |   3815 |   6 | 1011.2 |
               +--------+--------+--------+--------+--------+-----+--------+

Top non-repeatable levels by time:
     D:3: 1490 daAuts
     D:1: 1194 daAuts
     D:2: 1149 daAuts
     D:4: 1064 daAuts
     D:6: 662 daAuts
     D:5: 507 daAuts
